PL
PORTLAND EVERGREENS @ PHOENIX HOTSPUR
07/20/2032
 
TOP OF THE 1ST
Portland Evergreens batting - Pitching for Phoenix Hotspur : RHP Jaime van de Weideven
Pitching: RHP Jaime van de Weideven
Batting: LHB Dewitt Hopper 0-0: Ball
1-0: SOLO HOME RUN (Flyball, 9D), Distance : 462 ft
Batting: LHB Adrián Gómez 0-0: Ball
1-0: Ground out 6-3 (Groundball, 6)
Batting: LHB Chris Payling 0-0: Ball
1-0: Ground out U3 (Groundball, 34S)
Batting: RHB Tae-cho Han 0-0: Foul Ball, location: 2F
0-1: Ground out 4-3 (Groundball, 4M)
Top of the 1st over - 1 run, 1 hit, 0 errors, 0 left on base; Portland 1 - Phoenix 0
BOTTOM OF THE 1ST
Phoenix Hotspur batting - Pitching for Portland Evergreens : RHP Giovanni Mireles
Pitching: RHP Giovanni Mireles
Batting: LHB Francisco García 0-0: Ball
1-0: Fly out, F8 (Flyball, 8RM)
Batting: RHB Kyle Bywaters 0-0: Called Strike
0-1: Swinging Strike
0-2: Ground out 5-3 (Groundball, 5)
Batting: LHB Tadayoshi Watanabe 0-0: Ball
1-0: Called Strike
1-1: Ball
2-1: Called Strike
2-2: Ball
3-2: Base on Balls
Batting: LHB Harumi Takaki 0-0: Called Strike
0-1: Ball
1-1: Foul Ball, location: 2F
1-2: Strikes out swinging
Bottom of the 1st over - 0 runs, 0 hits, 0 errors, 1 left on base; Portland 1 - Phoenix 0
TOP OF THE 2ND
Portland Evergreens batting - Pitching for Phoenix Hotspur : RHP Jaime van de Weideven
Batting: SHB Billy Dotson 0-0: Ground out U3 (Groundball, 3)
Batting: LHB Ramón Garmendia 0-0: Ground out 1-3 (Groundball, 13S)
Batting: RHB Nelson Jaramillo 0-0: Ground out 5-3 (Groundball, 56S)
Top of the 2nd over - 0 runs, 0 hits, 0 errors, 0 left on base; Portland 1 - Phoenix 0
BOTTOM OF THE 2ND
Phoenix Hotspur batting - Pitching for Portland Evergreens : RHP Giovanni Mireles
Batting: LHB Wagaw Lukongolo 0-0: Ball
1-0: Swinging Strike
1-1: Ball
2-1: SINGLE (Groundball, 56S) (infield hit)
Batting: RHB Pierre Bernard 0-0: Ball
1-0: Foul Ball, location: 2F
1-1: Called Strike
1-2: Fly out, F9 (Flyball, 89D)
Batting: RHB Julián De Paz 0-0: Ball
1-0: Called Strike
Wagaw Lukongolo steals 2nd base
1-1: Ball
2-1: Called Strike
2-2: Ball
3-2: Fly out, F7 (Flyball, 7LM)
Now in LF: John Schaefer
Batting: LHB Mark Detamore 0-0: Ball
1-0: Swinging Strike
1-1: Foul Ball, location: 2F
1-2: Foul Ball, location: 2F
1-2: Ball
2-2: Strikes out looking
Bottom of the 2nd over - 0 runs, 1 hit, 0 errors, 1 left on base; Portland 1 - Phoenix 0
TOP OF THE 3RD
Portland Evergreens batting - Pitching for Phoenix Hotspur : RHP Jaime van de Weideven
Batting: LHB John Ennis 0-0: Ball
1-0: Foul Ball, location: 2F
1-1: Fly out, F7 (Flyball, 7S)
Batting: SHB Willie McGirt 0-0: Ball
1-0: Ball
2-0: Called Strike
2-1: Foul Ball, location: 2F
2-2: Ball
3-2: Fly out, F9 (Line Drive, 9)
Batting: LHB John Schaefer 0-0: Called Strike
0-1: Called Strike
0-2: Ball
1-2: Ball
2-2: Ball
3-2: Base on Balls
Batting: LHB Adrián Gómez 0-0: Ball
1-0: Swinging Strike
1-1: Foul Ball, location: 2F
1-2: Foul Ball, location: 2F
1-2: Ball
2-2: Foul Ball, location: 2F
2-2: Ground out 5-3 (Groundball, 56S)
Top of the 3rd over - 0 runs, 0 hits, 0 errors, 1 left on base; Portland 1 - Phoenix 0
BOTTOM OF THE 3RD
Phoenix Hotspur batting - Pitching for Portland Evergreens : RHP Giovanni Mireles
Batting: RHB Enrico Sánchez 0-0: Ball
1-0: Swinging Strike
1-1: Called Strike
1-2: Strikes out looking
Batting: LHB Francisco García 0-0: Called Strike
0-1: Foul Ball, location: 2F
0-2: Ball
1-2: DOUBLE (Line Drive, 8LD)
Batting: RHB Kyle Bywaters 0-0: Ball
Francisco García steals 3rd base
1-0: Ball
2-0: Ball
3-0: Called Strike
3-1: Ground out 3-1 (Groundball, 3S)
Francisco García scores
Batting: LHB Tadayoshi Watanabe 0-0: Called Strike
0-1: Ball
1-1: Ball
2-1: Foul Ball, location: 2F
2-2: Ball
3-2: Strikes out looking
Bottom of the 3rd over - 1 run, 1 hit, 0 errors, 0 left on base; Portland 1 - Phoenix 1
TOP OF THE 4TH
Portland Evergreens batting - Pitching for Phoenix Hotspur : RHP Jaime van de Weideven
Batting: LHB Chris Payling 0-0: Ball
1-0: Ball
2-0: Ball
3-0: Base on Balls
Batting: RHB Tae-cho Han 0-0: Ball
1-0: Called Strike
1-1: Foul Ball, location: 2F
1-2: Foul Ball, location: 2F
1-2: Ball
2-2: Fly out, F7 (Line Drive, 7S)
Batting: SHB Billy Dotson 0-0: Ball
1-0: Fly out, F7 (Flyball, 7LM)
Batting: LHB Ramón Garmendia 0-0: Called Strike
Chris Payling steals 2nd base
0-1: SINGLE (Line Drive, 9S)
Chris Payling to third
Runner from 3rd tries for Home, SAFE, no throw
Batting: RHB Nelson Jaramillo 0-0: Called Strike
0-1: Ball
1-1: Ball
2-1: Foul Ball, location: 2F
2-2: Foul Ball, location: 2F
2-2: Ball
Ramón Garmendia steals 2nd base
3-2: Foul Ball, location: 2F
3-2: SINGLE (Flyball, 7LM)
Ramón Garmendia to third
Ramón Garmendia scores
Batting: LHB John Ennis 0-0: Ball
1-0: Ball
2-0: Ball
3-0: Called Strike
3-1: Foul Ball, location: 2F
3-2: 2-RUN HOME RUN (Line Drive, 7LD), Distance : 351 ft
Batting: SHB Willie McGirt 0-0: Ball
1-0: Called Strike
1-1: Ball
2-1: Fly out, F9 (Flyball, 9LMF)
Top of the 4th over - 4 runs, 3 hits, 0 errors, 0 left on base; Portland 5 - Phoenix 1
BOTTOM OF THE 4TH
Phoenix Hotspur batting - Pitching for Portland Evergreens : RHP Giovanni Mireles
Batting: LHB Harumi Takaki 0-0: Ball
1-0: Ground out 4-3 (Groundball, 4)
Batting: LHB Wagaw Lukongolo 0-0: Swinging Strike
0-1: Called Strike
0-2: Ball
1-2: Ball
2-2: Ball
3-2: Strikes out swinging
Batting: RHB Pierre Bernard 0-0: Swinging Strike
0-1: Ball
1-1: Called Strike
1-2: Ball
2-2: Strikes out looking
Bottom of the 4th over - 0 runs, 0 hits, 0 errors, 0 left on base; Portland 5 - Phoenix 1
TOP OF THE 5TH
Portland Evergreens batting - Pitching for Phoenix Hotspur : RHP Jaime van de Weideven
Batting: LHB John Schaefer 0-0: Called Strike
0-1: Ball
1-1: Ball
2-1: Ground out 6-3 (Groundball, 6M)
Batting: LHB Adrián Gómez 0-0: Called Strike
0-1: Ball
1-1: Swinging Strike
1-2: Hit by Pitch
Batting: LHB Chris Payling 0-0: Fly out, F3 (Popup, 34S)
Batting: RHB Tae-cho Han 0-0: Ball
1-0: Ball
2-0: Called Strike
2-1: Called Strike
2-2: Strikes out swinging
Top of the 5th over - 0 runs, 0 hits, 0 errors, 1 left on base; Portland 5 - Phoenix 1
BOTTOM OF THE 5TH
Phoenix Hotspur batting - Pitching for Portland Evergreens : RHP Giovanni Mireles
Batting: RHB Julián De Paz 0-0: Foul Ball, location: 2F
0-1: Ball
1-1: Swinging Strike
1-2: Ball
2-2: Strikes out looking
Batting: LHB Mark Detamore 0-0: Called Strike
0-1: Foul Ball, location: 2F
0-2: Strikes out swinging
Batting: RHB Enrico Sánchez 0-0: Swinging Strike
0-1: Called Strike
0-2: Ball
1-2: Strikes out swinging
Bottom of the 5th over - 0 runs, 0 hits, 0 errors, 0 left on base; Portland 5 - Phoenix 1
TOP OF THE 6TH
Portland Evergreens batting - Pitching for Phoenix Hotspur : RHP Jaime van de Weideven
Batting: SHB Billy Dotson 0-0: Fly out, F7 (Flyball, 7LM)
Batting: LHB Ramón Garmendia 0-0: Ball
1-0: Fly out, F8 (Flyball, 89D)
Batting: RHB Nelson Jaramillo 0-0: Called Strike
0-1: Ball
1-1: Foul Ball, location: 2F
1-2: Foul Ball, location: 2F
1-2: Ball
2-2: Ball
3-2: Fly out, F2 (Popup, 23F)
Top of the 6th over - 0 runs, 0 hits, 0 errors, 0 left on base; Portland 5 - Phoenix 1
BOTTOM OF THE 6TH
Phoenix Hotspur batting - Pitching for Portland Evergreens : RHP Giovanni Mireles
Batting: LHB Francisco García 0-0: Ball
1-0: Fly out, F4 (Popup, 34)
Batting: RHB Kyle Bywaters 0-0: Ball
1-0: Ball
2-0: Ball
3-0: Called Strike
3-1: Ground out 4-3 (Groundball, 4)
Batting: LHB Tadayoshi Watanabe 0-0: Called Strike
0-1: Foul Ball, location: 2F
0-2: Fly out, F9 (Flyball, 9LM)
Bottom of the 6th over - 0 runs, 0 hits, 0 errors, 0 left on base; Portland 5 - Phoenix 1
TOP OF THE 7TH
Portland Evergreens batting - Pitching for Phoenix Hotspur : RHP Jaime van de Weideven
Batting: LHB John Ennis 0-0: Called Strike
0-1: Foul Ball, location: 2F
0-2: Foul Ball, location: 2F
0-2: Ball
1-2: Strikes out swinging
Batting: SHB Willie McGirt 0-0: Ball
1-0: Ball
2-0: Foul Ball, location: 2F
2-1: Fly out, F8 (Line Drive, 8RD)
Batting: LHB John Schaefer 0-0: Ball
1-0: Ball
2-0: Called Strike
2-1: Called Strike
2-2: DOUBLE (Line Drive, 78D)
Batting: LHB Adrián Gómez 0-0: Swinging Strike
0-1: Fly out, F9 (Flyball, 9LSF)
Top of the 7th over - 0 runs, 1 hit, 0 errors, 1 left on base; Portland 5 - Phoenix 1
BOTTOM OF THE 7TH
Phoenix Hotspur batting - Pitching for Portland Evergreens : RHP Giovanni Mireles
Batting: LHB Harumi Takaki 0-0: Ball
1-0: Ball
2-0: Called Strike
2-1: Ground out 6-3 (Groundball, 6)
Batting: LHB Wagaw Lukongolo 0-0: Ball
1-0: Called Strike
1-1: Ball
2-1: Swinging Strike
2-2: Strikes out looking
Batting: RHB Pierre Bernard 0-0: Called Strike
0-1: SINGLE (Groundball, 4M) (infield hit)
Pitching: RHP Ieyoshi Asai
Batting: RHB Julián De Paz 0-0: Ball
Pierre Bernard steals 2nd base
1-0: Ground out 6-3 (Groundball, 6M)
Bottom of the 7th over - 0 runs, 1 hit, 0 errors, 1 left on base; Portland 5 - Phoenix 1
TOP OF THE 8TH
Portland Evergreens batting - Pitching for Phoenix Hotspur : RHP Jaime van de Weideven
Batting: LHB Chris Payling 0-0: Foul Ball, location: 2F
0-1: Ground out 6-3 (Groundball, 6)
Batting: RHB Tae-cho Han 0-0: Called Strike
0-1: Foul Ball, location: 2F
0-2: SINGLE (Groundball, 34D)
Pitching: RHP Roger Taylor
Batting: SHB Billy Dotson 0-0: Ball
1-0: Fly out, F5 (Popup, 5SF)
Batting: LHB Ramón Garmendia 0-0: Ball
1-0: Foul Ball, location: 2F
1-1: Foul Ball, location: 2F
1-2: Foul Ball, location: 2F
1-2: TRIPLE (Flyball, 9D)
Tae-cho Han scores
Batting: RHB Nelson Jaramillo 0-0: Called Strike
0-1: Swinging Strike
0-2: Ball
1-2: Foul Ball, location: 2F
1-2: Ground out U3 (Groundball, 34S)
Top of the 8th over - 1 run, 2 hits, 0 errors, 1 left on base; Portland 6 - Phoenix 1
BOTTOM OF THE 8TH
Phoenix Hotspur batting - Pitching for Portland Evergreens : RHP Ieyoshi Asai
Now at C: Mario Castillo
Now at 1B: Rob Gray
Batting: LHB Mark Detamore 0-0: Ball
1-0: Foul Ball, location: 2F
1-1: Swinging Strike
1-2: Foul Ball, location: 2F
1-2: Strikes out swinging
Batting: RHB Enrico Sánchez 0-0: DOUBLE (Flyball, 7D)
Batting: LHB Francisco García 0-0: Ground out 1-3 (Groundball, P)
Enrico Sánchez to third
Batting: RHB Kyle Bywaters 0-0: TRIPLE (Line Drive, 89XD)
Enrico Sánchez scores
Batting: LHB Tadayoshi Watanabe 0-0: Ball
1-0: Ball
2-0: Ball
3-0: Base on Balls
Pitching: RHP Roberto Calderón
Batting: LHB Harumi Takaki 0-0: Reached on error, E1 (Groundball, 15S)
Kyle Bywaters scores
Tadayoshi Watanabe to third
Batting: LHB Wagaw Lukongolo 0-0: Ball
Wild Pitch!
Tadayoshi Watanabe scores
Harumi Takaki to third
1-0: Ground out 6-3 (Groundball, 6)
Bottom of the 8th over - 3 runs, 2 hits, 1 error, 1 left on base; Portland 6 - Phoenix 4
TOP OF THE 9TH
Portland Evergreens batting - Pitching for Phoenix Hotspur : RHP Roger Taylor
Batting: RHB Rob Gray 0-0: Foul Ball, location: 2F
0-1: Fly out, F8 (Flyball, 8RS)
Batting: SHB Willie McGirt 0-0: Called Strike
0-1: Foul Ball, location: 2F
0-2: Foul Ball, location: 2F
0-2: Foul Ball, location: 2F
0-2: Strikes out swinging
Batting: LHB John Schaefer 0-0: Called Strike
0-1: Ball
1-1: Called Strike
1-2: SINGLE (Groundball, 6MD)
Batting: RHB Mario Castillo 0-0: Ball
1-0: Ball
2-0: Ball
3-0: Called Strike
3-1: Called Strike
3-2: Strikes out swinging
Top of the 9th over - 0 runs, 1 hit, 0 errors, 1 left on base; Portland 6 - Phoenix 4
BOTTOM OF THE 9TH
Phoenix Hotspur batting - Pitching for Portland Evergreens : RHP Roberto Calderón
Batting: RHB Pierre Bernard 0-0: Foul Ball, location: 2F
0-1: Called Strike
0-2: Ball
1-2: Ground out 5-3 (Groundball, 56S)
Batting: RHB Julián De Paz 0-0: Foul Ball, location: 2F
0-1: Foul Ball, location: 2F
0-2: Ball
1-2: Ground out 1-3 (Groundball, 15)
Batting: LHB Mark Detamore 0-0: Fly out, F2 (Popup, 2RF)
Bottom of the 9th over - 0 runs, 0 hits, 0 errors, 0 left on base; Portland 6 - Phoenix 4
Wednesday, September 19th, 2018 - OOTP Baseball 18.8 Build 76